 Dungeon Crawl Stone Soup version 0.29.1-15-g9cfb28693d (webtiles) character file.

Game seed: 5885963493941914379

340 Peloso the Covered (level 6, 0/49 (55) HPs)
             Began as a Minotaur Fighter on Mar 6, 2023.
             Slain by a wight
             ... wielding a +5 mace
              (1 damage)
             ... on level 3 of the Dungeon.
             The game lasted 00:06:07 (4333 turns).

Peloso the Covered (Minotaur Fighter)               Turns: 4333, Time: 00:06:07

HP:   0/49 (55)     AC:  9    Str: 20    XL:     6   Next: 30%
MP:   5/5           EV:  7    Int:  5    God:
Gold: 319           SH:  5    Dex: 12    Spells: 5/5 levels left

rFire   . . .      SeeInvis .   a - +0 long sword
rCold   . . .      Faith    .   d - +0 buckler
rNeg    . . .      Spirit   .   c - +0 chain mail
rPois   .          Reflect  .   (helmet restricted)
rElec   .          Harm     .   (no cloak)
rCorr   .          Rampage  .   (no gloves)
Will    .....                   (no boots)
Stlth   ..........              (no amulet)
HPRegen 0.16/turn               (no ring)
MPRegen 0.09/turn               (no ring)

@: studying Axes, heavily drained
A: horns 2, retaliatory headbutt
a: no special abilities


You were on level 3 of the Dungeon.
You visited 1 branch of the dungeon, and saw 6 of its levels.

You collected 319 gold pieces.

Inventory:

Hand Weapons
 a - a +0 long sword (weapon)
Armour
 b - a +1 scale mail
 c - a +0 chain mail (worn)
 d - a +0 buckler (worn)
Scrolls
 f - 2 scrolls of immolation
 g - 3 scrolls of poison
 i - a scroll of blinking
Potions
 e - a potion of invisibility {unknown}
 h - a potion of might
 j - a potion of magic {unknown}
 k - 2 potions of curing
 l - a potion of flight
 m - a potion of cancellation {unknown}
 n - 2 potions of brilliance


   Skills:
 + Level 4.8 Fighting
 + Level 5.3 Long Blades
 + Level 5.3 Armour
 + Level 1.3 Dodging
 + Level 0.4 Stealth
 + Level 4.3 Shields


You had 5 spell levels left.
You didn't know any spells.
Your spell library contained the following spells:

 Spells                   Type           Power      Damage    Failure   Level
 Gell's Gravitas          Tloc           0%         N/A       100%        3
 Teleport Other           Tloc           0%         N/A       100%        3
 Dispersal                Tloc           0%         N/A       100%        6


Dungeon Overview and Level Annotations

Branches:
Dungeon (6/15)
 Temple: D:4-7

Altars:
Xom


Innate Abilities, Weirdness & Mutations

You have a pair of horns on your head.
You reflexively headbutt those who attack you in melee.


Message History

A wight is nearby!
A wight comes into view. It is wielding a +5 mace.
A wight comes into view. It is wielding a +3 dagger.
A wight comes into view. It is wielding a +0 hand axe.
The wight hits you with a +0 great sword!
You feel drained.
You hit the wight.
The wight is lightly damaged.
You closely miss the wight. You barely miss the wight.
The wight hits you with a +5 mace. The wight hits you with a +5 mace!
* * * LOW HITPOINT WARNING * * *
You hit the wight.
The wight is lightly damaged.
You block the wight's attack.
You hit the wight but do no damage.
The wight is lightly damaged.
You block the wight's attack.
Unknown command.
The wight attacks as you move away! You block the wight's attack.
You see here a +0 falchion.
The wight attacks as you move away! The wight hits you with a +5 mace!
* * * LOW HITPOINT WARNING * * *
The wight attacks as you move away! You block the wight's attack.
There is a stone staircase leading up here.
The wight hits you but does no damage.
You climb upwards.
There is a stone staircase leading down here.
You barely miss the wight. You headbutt the wight!
The wight is heavily damaged.
The wight hits you with a +5 mace.
* * * LOW HITPOINT WARNING * * *
You feel drained.
* * * LOW HITPOINT WARNING * * *
You hit the wight. Your headbutt misses the wight.
The wight is severely damaged.
The wight hits you with a +5 mace.
* * * LOW HITPOINT WARNING * * *
You feel drained.
You die...

##### #######.).#
#.........#
#.....@z..#
#.....)...###########
###'##..............#
#.##.#....#######.###
##.##.#.#.............
#.....................
#.....................
#...(.................
#.....................


You could see a wight.

Vanquished Creatures
  An ice beast (D:6)
  A jelly (D:4)
  An orc wizard (D:4)
  4 gnolls
  5 adders
  2 worms
  17 orcs
  8 endoplasms
  4 giant cockroaches
  5 goblins
  6 hobgoblins
  4 jackals (D:1)
  4 kobolds
  3 quokkas
  6 ball pythons
  5 bats
  6 frilled lizards
  4 rats
86 creatures vanquished.

Notes
Turn   | Place    | Note
-------+----------+-------------------------------------------
     0 | D:1      | Peloso the Minotaur Fighter began the quest for the Orb.
     0 | D:1      | Reached XP level 1. HP: 19/19 MP: 0/0
   157 | D:1      | Reached XP level 2. HP: 27/27 MP: 1/1
  1030 | D:2      | Reached XP level 3. HP: 26/33 MP: 2/2
  1456 | D:2      | Reached skill level 1 in Dodging
  1991 | D:3      | Reached XP level 4. HP: 40/40 MP: 3/3
  2013 | D:3      | You fall into a shaft and drop 3 floors!
  2039 | D:6      | Noticed an ice beast
  2060 | D:6      | Killed an ice beast
  2061 | D:6      | Reached XP level 5. HP: 4/47 MP: 4/4
  2140 | D:5      | Entered Level 5 of the Dungeon
  2436 | D:4      | Reached skill level 5 in Armour
  3248 | D:4      | Reached XP level 6. HP: 33/47 MP: 5/5
  3440 | D:4      | Found a shimmering altar of Xom.
  3703 | D:4      | Reached skill level 5 in Long Blades
  4333 | D:3      | HP: 1/51 [wight/+5 mace (3)]
  4333 | D:3      | Slain by a wight

Illustrated notes

Levels and vault maps discovered:
D:1:      minmay_arrival_four_loops, layout_basic
D:2:      layout_loops_cross, minmay_misc_feat_cross
D:3:      layout_basic
D:4:      layout_loops_cross, amcnicky_altar_gilded
D:5:      layout_loops_corners, serial_shops, shop, shop, shop_fountains,
          shop_fountains
D:6:      layout_layer_cave, minmay_temple_entry_water_ring, corner_web_ring,
          minmay_fire_ice_demons

Skill      XL: |  1  2  3  4  5  6 |
---------------+-------------------+-----
Armour         | 4 5 |  5.3
Fighting       | 4 |  4.8
Shields        | 4 |  4.3
Dodging        | 1 |  1.3
Long Blades    | 3 4 5 |  5.3
Stealth        | |  0.4

Action                   |  1- 3 |  4- 6 || total
-------------------------+-------+-------++-------
Melee: Long sword        |    87 |   135 ||   222
       Headbutt          |    17 |    14 ||    31
  Use: Scroll            |    12 |       ||    12
Armor: Scale mail        |    47 |    40 ||    87
       Chain mail        |       |    20 ||    20
Dodge: Dodged            |    43 |    55 ||    98
Block: Buckler           |    19 |    33 ||    52
